 Dungeon Crawl Stone Soup version 0.27.1-34-g3ba077fa99 (webtiles) character file.

Game seed: 7129533154101040184

126 mtoz the Magician (level 4, -5/24 HPs)
             Began as a Deep Elf Fire Elementalist on Jan 3, 2022.
             Slain by an iguana (9 damage)
             ... on level 2 of the Dungeon.
             The game lasted 00:17:12 (2560 turns).

mtoz the Magician (Deep Elf Fire Elementalist)      Turns: 2560, Time: 00:17:12

Health: -5/24      AC:  3    Str:  5    XL:     4   Next: 83%
Magic:  7/12       EV: 12    Int: 21    God:
Gold:   87         SH:  0    Dex: 15    Spells: 10/11 levels left

rFire    . . .     SeeInvis .   l - staff of earth
rCold    . . .     Faith    .   (no shield)
rNeg     . . .     Spirit   .   c - +0 leather armour
rPois    .         Reflect  .   (no helmet)
rElec    .         Harm     .   (no cloak)
rCorr    .         Rampage  .   (no gloves)
Will     .....                  (no boots)
Stlth    ++........             (no amulet)
HPRegen  0.08/turn              (no ring)
MPRegen  0.13/turn              (no ring)

@: no status effects
A: no striking features
a: no special abilities


You were on level 2 of the Dungeon.
You visited 1 branch of the dungeon, and saw 3 of its levels.

You collected 87 gold pieces.

Inventory:

Hand Weapons
 i - a +0 short sword
 m - a +0 dagger
 p - a +1 flail of venom
Missiles
 e - 10 boomerangs
 r - 25 bolts
Armour
 a - a +0 robe
 c - a +0 leather armour (worn)
 g - a +0 robe
Magical Staves
 l - a staff of earth (weapon)
Scrolls
 f - a scroll of immolation
 o - a scroll of enchant weapon
 q - a scroll of fear
Potions
 b - a potion of might {unknown}
 d - 2 potions of haste {unknown}
 h - a potion of invisibility {unknown}
 j - 2 potions of curing {unknown}
 k - a potion of brilliance {unknown}
 n - a potion of flight {unknown}


   Skills:
 + Level 3.4 Dodging
 + Level 3.6 Stealth
 + Level 4.1 Spellcasting
 + Level 2.4 Conjurations
 + Level 4.0 Fire Magic


You had 10 spell levels left.
You knew the following spells:

 Your Spells              Type           Power      Damage    Failure   Level
a - Foxfire               Conj/Fire      68%        2x1d7     5%          1

Your spell library contained the following spells:

 Spells                   Type           Power      Damage    Failure   Level
 Conjure Flame            Conj/Fire      17%        6-21      16%         3
 Inner Flame              Hex/Fire       12%        N/A       26%         3
 Stone Arrow              Conj/Erth      28%        3d8       34%         3
 Sticky Flame             Conj/Fire      17%        2d4       45%         4
 Fireball                 Conj/Fire      8%         3d6       82%         5
 Animate Armour           Summ/Erth      12%        N/A       89%         4
 Lehudib's Crystal Spear  Conj/Erth      7%         10d3      100%        8


Dungeon Overview and Level Annotations

Branches:
Dungeon (3/15)

Altars:


Message History

The foxfire hits the iguana but does no damage.
The iguana is lightly wounded.
Casting: Foxfire (safe; 5% risk of failure)
Confirm with . or Enter, or press ? or * to list all spells.
You conjure some foxfire!
The foxfire hits the iguana but does no damage.
The iguana is lightly wounded.
Casting: Foxfire (safe; 5% risk of failure)
Confirm with . or Enter, or press ? or * to list all spells.
You conjure some foxfire!
The foxfire hits the iguana.
The iguana is moderately wounded.
The foxfire hits the iguana but does no damage.
The iguana is moderately wounded.
Casting: Foxfire (safe; 5% risk of failure)
Confirm with . or Enter, or press ? or * to list all spells.
You conjure some foxfire!
The foxfire hits the iguana but does no damage.
The iguana is moderately wounded.
The iguana barely misses you.
Casting: Foxfire (safe; 5% risk of failure)
Confirm with . or Enter, or press ? or * to list all spells.
You conjure some foxfire!
The iguana bites you but does no damage.
The foxfire hits the iguana.
The iguana is heavily wounded.
The iguana bites you.
Casting: Foxfire (safe; 5% risk of failure)
Confirm with . or Enter, or press ? or * to list all spells.
You conjure some foxfire!
The iguana bites you.
The foxfire hits the iguana.
The iguana is severely wounded.
The iguana bites you.
Casting: Foxfire (safe; 5% risk of failure)
Confirm with . or Enter, or press ? or * to list all spells.
You conjure some foxfire!
The iguana bites you!
* * * LOW HITPOINT WARNING * * *
The foxfire hits the iguana but does no damage.
The iguana is severely wounded.
The iguana bites you!
You die...

######..........##...#.## ##
#............#.#####....###
###. ..####.........#
####...####... ..##
####..##### #.#......##
...######..# #....######
...........## ##..[#
...###......## ###..<#
...##....<...#########.....##
...#..........#.@v.....###..#
...#...†.......l########
#..### ..##...........##
#....### .###..........##
##.#.... ## #..........#
#...... ##........## ##.#..>
#..........# #.....
#..........# ###...
#...[......# #...


You could see an iguana (ally target).

Vanquished Creatures
  4 gnolls (D:2)
  2 adders (D:2)
  2 worms (D:2)
  A dart slug (D:1)
  An orc (D:2)
  4 endoplasms
  2 giant cockroaches
  4 goblins
  4 hobgoblins
  5 jackals
  7 quokkas
  7 ball pythons
  2 bats (D:2)
  4 frilled lizards
  3 kobolds
  5 rats
57 creatures vanquished.

Vanquished Creatures (others)
  180 foxfires
180 creatures vanquished.

Grand Total: 237 creatures vanquished

Notes
Turn   | Place    | Note
-------+----------+-------------------------------------------
     0 | D:1      | mtoz the Deep Elf Fire Elementalist began the quest for the
                  | Orb.
     0 | D:1      | Reached XP level 1. HP: 10/10 MP: 6/6
   459 | D:1      | Reached XP level 2. HP: 13/15 MP: 1/8
   778 | D:1      | Found a faded altar of an unknown god.
  1016 | D:1      | Reached XP level 3. HP: 19/19 MP: 5/10
  1724 | D:2      | Reached XP level 4. HP: 24/24 MP: 8/11
  2560 | D:2      | Slain by an iguana

Illustrated notes

Levels and vault maps discovered:
D:1:      psy_arrival_fountain, layout_basic, ebering_ecumenical_altar_webs
D:2:      layout_rooms, st_stairs_14
D:3:      layout_basic, mainiacjoe_overflow_24_doors, kennysheep_path_1

Skill      XL: |  1  2  3  4 |
---------------+-------------+-----
Stealth        | 3 |  3.6
Dodging        | 3 |  3.4
Conjurations   | 2 |  2.4
Spellcasting   | 4 |  4.1
Fire Magic     | 4 |  4.0

Action                   |  1- 3 |  4- 6 || total
-------------------------+-------+-------++-------
 Cast: Foxfire           |    76 |    47 ||   123
  Use: Scroll            |     2 |     3 ||     5
Armor: Robe              |     3 |       ||     3
       Leather armour    |     1 |     4 ||     5
Dodge: Dodged            |    22 |    17 ||    39
